AoeStats
← ska_18

MegaRandom

508206980Analyzed
3v3 RM · 10d ago on Sep 21, 2026· 24m 29s· 6 players
Game mode
Random Map
Map size
Normal (6 player)
Population
200
Speed
Normal
Resources
Standard
Victory
Conquest
Starting age
Dark Age
Ending age
Imperial Age
RankedLock teamsTeams togetherTeam positionsShared explorationLock speedFull tech treeHidden civsTurbo modeCheats
Victory
Defeat
🇬🇧 Malay · United Kingdom
1001
+12
🇲🇽 Muisca · Mexico
897
+16
🇯🇵 Bohemians · Japan
873
+18
🇦🇹 Saracens · Austria
918
-16
🇭🇺 Spanish · Hungary
910
-15
🇮🇪 Magyars · Ireland
900
-15
SoltiL
6:24 Loom
26:03 Feudal Age
ska_18
Thegreatnoticing
t45zeus
12:37 Feudal Age
10:53 Loom
16:39 Castle Age
15:34 Double-Bit Axe
17:25 Husbandry
22:27 Scale Barding Armor
22:33 Forging
23:15 Horse Collar
joseemiron
2:36 Loom
Shakespeare
7:42 Loom
12:46 Feudal Age
Connection lost

Rejoining the realm…

Still unreachable

The connection could not be restored.

Session expired

The server has moved on; the page needs a fresh start.